 Dungeon Crawl Stone Soup version 0.27-a0-795-ge5c3fa52fd (webtiles) character file.

Game seed: 11267492910972917233

217931 Johnny the Fencer (level 18, 191/191 HPs)
             Began as a Troll Berserker on Mar 24, 2021.
             Was a High Priest of Trog.
             Got out of the dungeon alive.
             The game lasted 00:53:52 (34371 turns).

Johnny the Fencer (Troll Berserker)                Turns: 34371, Time: 00:53:52

Health: 191/191    AC: 18    Str: 36    XL:     18   Next: 78%
Magic:  17/17      EV: 14    Int:  3    God:    Trog [*****.]
Gold:   4011       SH:  0    Dex:  9    Spells: 17/17 levels left

rFire    . . .     SeeInvis .   X - +9 triple sword (elec)
rCold    . . .     Faith    .   (shield currently unavailable)
rNeg     . . .     Spirit   +   c - +0 shadow dragon scales
rPois    .         Reflect  .   (helmet restricted)
rElec    .         Harm     .   f - +0 cloak
rCorr    .         Rampage  .   (gloves unavailable)
Will     ++...                  (boots unavailable)
Stlth    ++........             I - amulet of guardian spirit
HPRegen  1.41/turn              U - ring of willpower
MPRegen  0.15/turn              H - +4 ring of evasion

@: studying 2 skills
A: large, unfitting armour, claws 3, regeneration 1, shaggy fur 1, tough skin 1
a: Renounce Religion, Berserk, Trog's Hand, Brothers in Arms


You escaped.
You worshipped Trog.
Trog was extremely pleased with you.
You visited 6 branches of the dungeon, and saw 31 of its levels.
You also visited: Bailey and Ice Cave.

You collected 4375 gold pieces.
You spent 364 gold pieces at shops.

Inventory:

Hand Weapons
 a - a +7 scimitar of flaming
 m - a +0 falchion of holy wrath
 T - the +4 long sword "Roaduys" {flame, rN+ Int+3}
   (Trog gifted it to you on level 3 of the Lair of Beasts)

   It has been specially enchanted to burn those struck by it, causing extra
   injury to most foes and up to half again as much damage against particularly
   susceptible opponents.
   Big, fiery blades are also staple armaments of hydra-hunters.
   It affects your intelligence (+3).
   It protects you from negative energy.
 X - a +9 triple sword of electrocution (weapon)
Missiles
 B - 5 throwing nets (quivered)
 P - 33 large rocks
Armour
 b - a +0 troll leather armour
 c - +0 shadow dragon scales (worn)
 f - a +0 cloak (worn)
 N - +0 fire dragon scales
Jewellery
 l - a ring of magical power
 t - a ring of protection from fire
 w - an amulet of magic regeneration
 x - a +6 ring of strength
 C - a +4 ring of protection
 H - a +4 ring of evasion (right claw)
 I - an amulet of guardian spirit (around neck)
 U - a ring of willpower (left claw)
Wands
 V - a wand of digging (20)
Scrolls
 d - 3 scrolls of noise
 h - 3 scrolls of holy word
 i - 7 scrolls of identify
 n - 3 scrolls of vulnerability
 q - 3 scrolls of amnesia
 s - 3 scrolls of silence
 u - 7 scrolls of immolation
 y - 8 scrolls of teleportation
 D - 4 scrolls of blinking
 E - 4 scrolls of fear
 J - 5 scrolls of magic mapping
 L - 2 scrolls of fog
 Q - 5 scrolls of torment
Potions
 e - 4 potions of flight
 g - 5 potions of magic
 j - a potion of attraction
 k - 6 potions of brilliance
 o - 4 potions of mutation
 p - 2 potions of might
 r - 4 potions of haste
 z - 7 potions of curing
 A - 5 potions of lignification
 F - 2 potions of ambrosia
 G - 7 potions of cancellation
 M - a potion of invisibility
 S - 2 potions of berserk rage
Miscellaneous
 v - a condenser vane
 K - a lightning rod (1/4)
 O - a box of beasts


   Skills:
 + Level 14.5 Fighting
 * Level 19.4 Long Blades
 + Level 10.9 Armour
 + Level 11.2 Dodging


You had 17 spell levels left.
You didn't know any spells.
Your spell library contained the following spells:

 Spells                   Type           Power      Damage    Failure   Level
 Animate Skeleton         Necr           0%         N/A       88%         1
 Apportation              Tloc           0%         N/A       88%         1
 Beastly Appendage        Tmut           0%         N/A       88%         1
 Corona                   Hex            0%         N/A       88%         1
 Foxfire                  Conj/Fire      0%         2x1d4     88%         1
 Magic Dart               Conj           0%         1d3       88%         1
 Pain                     Necr           0%         1d4       88%         1
 Shock                    Conj/Air       0%         1d3       88%         1
 Summon Small Mammal      Summ           0%         N/A       88%         1
 Blink                    Tloc           N/A        N/A       96%         2
 Call Imp                 Summ           0%         N/A       96%         2
 Slow                     Hex            0%         N/A       96%         2
 Swiftness                Air            0%         N/A       96%         2
 Wereblood                Tmut           0%         N/A       96%         2
 Confusing Touch          Hex            0%         N/A       99%         3
 Conjure Flame            Conj/Fire      0%         6-21      99%         3
 Gell's Gravitas          Tloc           0%         N/A       99%         3
 Inner Flame              Hex/Fire       0%         N/A       99%         3
 Lesser Beckoning         Tloc           0%         N/A       99%         3
 Mephitic Cloud           Conj/Pois/Air  0%         N/A       99%         3
 Spider Form              Tmut/Pois      0%         N/A       99%         3
 Static Discharge         Conj/Air       0%         N/A       99%         3
 Tukima's Dance           Hex            0%         N/A       99%         3
 Vampiric Draining        Necr           0%         2d6       99%         3
 Airstrike                Air            0%         N/A       100%        4
 Animate Dead             Necr           0%         N/A       100%        4
 Ice Form                 Ice/Tmut       0%         N/A       100%        4
 Petrify                  Tmut/Erth      0%         N/A       100%        4
 Sticky Flame             Conj/Fire      0%         2d3       100%        4
 Agony                    Necr           0%         N/A       100%        5
 Alistair's Intoxication  Tmut/Pois      0%         N/A       100%        5
 Blade Hands              Tmut           0%         N/A       100%        5
 Bolt of Magma            Conj/Fire/Erth 0%         4d4       100%        5
 Fireball                 Conj/Fire      0%         3d3       100%        5
 Irradiate                Conj/Tmut      0%         3d14      100%        5
 Iskenderun's Battlesphe  Conj           0%         2d6       100%        5
 Lightning Bolt           Conj/Air       0%         1d11      100%        5
 Metabolic Englaciation   Hex/Ice        0%         N/A       100%        5
 Yara's Violent Unravell  Hex/Tmut       0%         3d3       100%        5
 Hydra Form               Tmut           0%         N/A       100%        6
 Invisibility             Hex            0%         N/A       100%        6
 Iron Shot                Conj/Erth      0%         9d1       100%        6
 Statue Form              Tmut/Erth      0%         N/A       100%        6
 Dragon Form              Tmut           0%         N/A       100%        7
 Orb of Destruction       Conj           0%         N/A       100%        7
 Spellforged Servitor     Conj/Summ      0%         N/A       100%        7
 Borgnjor's Revivificati  Necr           0%         N/A       100%        8
 Infestation              Necr           0%         N/A       100%        8
 Necromutation            Tmut/Necr      0%         N/A       100%        8
 Death's Door             Necr           0%         N/A       100%        9


Dungeon Overview and Level Annotations

Branches:
Dungeon (15/15)            Temple (0/1) D:7            Lair (6/6) D:10
  Swamp (3/4) Lair:3       Spider (0/4) Lair:3        Slime (0/5) Lair:5
    Orc (2/2) D:10            Elf (3/3) Orc:2        Vaults (0/5) D:13
 Depths (2/5) D:15         Bailey (visited)           IceCv (visited)

Altars:
Cheibriados
Elyvilon
Hepliaklqana
Makhleb
Nemelex Xobeh
Sif Muna
Trog
Uskayaw
Vehumet
Wu Jian
Xom
The Shining One
Jiyva

Shops:
D:5 :   D:8 :   D:13 (   Orc:2 ((((*   Elf:1 [[:*

Portals:
Hell: Depths:2
Trove: Elf:2 (give 3 potions of resistance)

Annotations:
D:5 2 runed translucent doors
D:10 3 runed translucent doors, temitten's ghost, novice SpEn
Elf:1 3 runed translucent doors


Innate Abilities, Weirdness & Mutations

You are too large for most types of armour.
You have claws for hands.
Your natural rate of healing is unusually fast.
You are covered in fur. (AC +1)
You have tough skin. (AC +1)


Message History

There is a stone staircase leading up here.
You climb upwards.
There is a stone staircase leading down here.
There is a stone staircase leading up here.
You climb upwards.
There is a stone staircase leading down here.
There is a stone staircase leading up here.
You climb upwards.
There is a stone staircase leading down here.
You see here a +0 whip.
There is a stone staircase leading up here.
You climb upwards.
There is a stone staircase leading down here.
There is a stone staircase leading up here.
You climb upwards.
Level annotation: 2 runed translucent doors
There is a stone staircase leading down here.
There is a stone staircase leading up here.
You climb upwards.
There is a stone staircase leading down here.
There is a stone staircase leading up here.
You climb upwards.
There is a stone staircase leading down here.
There is a stone staircase leading up here.
You climb upwards.
There is a stone staircase leading down here.
You see here a +0 dagger.
There is a stone staircase leading up here.
Welcome back, Johnny the Troll Berserker.
Trog says: Kill them all!
Press ? for a list of commands and other information.
(D) Dungeon (T) Temple (L) Lair (S) Swamp (N) Spider Nest (M) Slime Pits (O) Orcish Mines (E) Elven Halls (V) Vaults (U) Depths (H) Hell
Where to? (? - help)
Okay, then.
There is a fountain of clear blue water here.
There is a staircase leading out of the dungeon here.
Are you sure you want to leave the Dungeon?
This will make you lose the game!
You have escaped!

.#.....#.##########.# #..#
.#.....#..........#.####..#
.........###..###.........#
.......######.###..######.#
##.###.##...............#.#
.....#.##..##♣♣♣[♣♣♣##..#.#
##.#.#.##..# ♣⌠♣ #..#.#
.....#.....♣♣♣♣♣.♣♣♣♣♣..#.#
##.#####......⌠.@.⌠.....#.#
#.# #...♣♣♣♣♣.♣♣♣♣♣..#.#
##.#####...# ♣⌠♣ #..#.#
...........##♣♣♣.♣♣♣##..#.#
##.##...................#.#
.........###........#####.#
##.##.................###.#
##.##....##.....###.#.....#
...##....##.....#....######


There were no monsters in sight!

Vanquished Creatures
  Jorgrun (D:12)
  2 deep elf master archers (Elf:3)
  3 deep elf blademasters
  A shadow dragon (Elf:1)
  A fenstrider witch (Swamp:2)
  3 frost giants
  The ghost of JoanKharjo the Archer, an adept HuAM of Hepliaklqana (Swamp:2)
  5 deep elf sorcerers
  3 deep elf elementalists (Elf:3)
  A caustic shrike skeleton (Depths:2)
  A very ugly thing (Depths:2)
  An ironbound preserver (D:13)
  2 stone giants
  A quicksilver ooze (shapeshifter) (Depths:2)
  A vampire knight (Depths:2)
  2 bunyips (Swamp:1)
  Nessos (D:14)
  6 deep elf demonologists
  An entropy weaver (Depths:2)
  Azrael (D:15)
  11 deep elf annihilators
  3 ettins (Depths:2)
  5 deep elf death magi
  9 slime creatures
  An eleionoma (Swamp:1)
  3 deep elf high priests
  A fire dragon (Depths:2)
  Harold (D:9)
  3 rakshasas
  Fannar (Lair:2)
  13 hydras
  A great orb of eyes (Depths:2)
  2 ogre magi
  2 ice dragons
  Erica (D:9)
  3 catoblepae
  7 boulder beetles
  8 alligators
  6 centaur warriors
  9 death yaks
  17 dancing weapons
  6 two-headed ogres
  A vampire mage (Depths:2)
  An orc high priest (Elf:1)
  11 deep elf knights
  Urug (D:11)
  2 goliath frogs (Swamp:2)
  8 skeletal warriors (D:15)
  2 glowing orange brains
  3 wizards
  4 unseen horrors
  A swamp dragon (Swamp:1)
  2 bog bodies
  6 deep elf archers
  2 lindwurms
  A harpy (shapeshifter) (Depths:2)
  4 orc knights (Orc:2)
  18 deep elf pyromancers
  2 necromancers
  4 orc sorcerers (Orc:2)
  3 will-o-the-wisps
  20 deep elf zephyrmancers
  14 ugly things
  3 cyclopes
  An elephant (Lair:3)
  A manticore (D:11)
  5 black mambas
  Maurice (D:8)
  A stone giant skeleton (Depths:1)
  Joseph (D:9)
  15 cane toads
  A gargoyle (D:11)
  A torpor snail (Lair:4)
  3 kobold demonologists
  10 komodo dragons
  An efreet (D:15)
  3 rime drakes
  A merfolk (D:10)
  A merfolk (shapeshifter) (Depths:2)
  7 trolls
  27 polar bears
  5 hornets
  8 tyrant leeches
  16 blink frogs
  6 dream sheep
  A stone giant simulacrum (Depths:1)
  A meliai zombie (D:15)
  An ettin skeleton (Depths:1)
  Sigmund (D:2)
  A redback (Lair:3)
  3 spriggans
  4 shadows
  A tarantella (shapeshifter) (D:15)
  7 wyverns
  A vampire (D:11)
  70 yaks
  3 basilisks
  Grum (D:11)
  A steam dragon (D:8)
  A wraith (D:13)
  6 fire elementals
  2 vampire mosquitoes (D:14)
  10 swamp worms
  6 wargs
  13 water moccasins
  22 hell hounds
  3 acid dragons
  A removed soldier ant (D:10)
  21 orc warriors
  A hornet zombie (D:14)
  5 sky beasts
  2 swamp drakes (Swamp:2)
  9 ice beasts
  16 black bears
  10 ogres
  A tengu (shapeshifter) (D:15)
  39 wolves
  26 centaurs
  A phantom (D:3)
  3 kobold brigands
  28 bullfrogs
  An earth elemental (Elf:2)
  5 gnoll sergeants (Bailey)
  5 scorpions
  10 wights
  A killer bee (Bailey)
  2 howler monkeys (D:11)
  2 electric eels
  2 crimson imps
  A bullfrog zombie (D:8)
  4 centaur zombies
  A quasit (D:12)
  2 gnoll shamans (Bailey)
  20 orc priests
  3 bullfrog skeletons
  7 hounds
  6 jellies
  3 centaur skeletons
  6 iguanas
  30 orc wizards
  5 removed worker ants
  3 hound skeletons
  A removed worker ant zombie (D:8)
  Robin (D:2)
  20 adders
  13 gnolls
  A howler monkey skeleton (D:4)
  3 shadow imps
  5 white imps
  3 adder zombies
  3 adder skeletons
  4 worms
  A dart slug (D:4)
  124 orcs
  5 ball pythons
  A bat (D:1)
  10 endoplasms
  3 giant cockroaches
  20 goblins
  13 hobgoblins
  11 quokkas
  8 frilled lizards
  A jackal zombie (D:5)
  15 kobolds
  A quokka skeleton (D:4)
  6 rats
1093 creatures vanquished.

Vanquished Creatures (collateral kills)
  An orc warlord (Orc:1)
  The ghost of Tetteh the Carver, a journeyman DrBe of Trog (Lair:5)
  A deep elf death mage (Elf:2)
  A deep elf high priest (Elf:1)
  6 dancing weapons
  3 orc high priests (Orc:2)
  A two-headed ogre (D:13)
  2 spriggans (Lair:5)
  2 deep elf knights
  3 deep elf archers
  An orc knight (Orc:2)
  A deep elf pyromancer (Elf:1)
  7 ugly things
  An orc sorcerer (Elf:1)
  A deep elf zephyrmancer (Elf:2)
  2 cyclopes
  3 slime creatures (D:15)
  A black mamba (Lair:6)
  A cane toad (Lair:3)
  2 rime drakes (Lair:3)
  A freezing wraith (D:14)
  A troll (Orc:2)
  A hornet (Lair:5)
  A polar bear (IceCv)
  A fire elemental (Elf:1)
  2 yaks (Lair:6)
  3 wargs (D:10)
  9 orc warriors
  A wolf (Lair:5)
  An ogre (Orc:1)
  A boggart (Lair:5)
  A kobold brigand (D:13)
  3 gnoll sergeants (Bailey)
  6 orc priests
  3 gnoll shamans (Bailey)
  6 orc wizards
  2 gnolls (Bailey)
  19 orcs
103 creatures vanquished.

Vanquished Creatures (others)
  2 deep elf knights (Elf:2)
  A deep elf archer (Elf:1)
  A bloated husk (Swamp:1)
  A slime creature (D:15)
  An orc warrior (Orc:2)
  A wolf (Lair:6)
  An orc wizard (D:15)
  2 orcs (Orc:2)
  2 foxfires (Swamp:2)
  10 fungi
  43 plants
65 creatures vanquished.

Grand Total: 1261 creatures vanquished

Notes
Turn   | Place    | Note
-------+----------+-------------------------------------------
     0 | D:1      | Johnny the Troll Berserker began the quest for the Orb.
     0 | D:1      | Reached XP level 1. HP: 22/22 MP: 0/0
   100 | D:1      | Reached XP level 2. HP: 29/29 MP: 1/1
   193 | D:1      | Reached skill level 3 in Long Blades
   568 | D:1      | Reached XP level 3. HP: 36/36 MP: 2/2
   617 | D:2      | Found a shimmering blue altar of Sif Muna.
   636 | D:2      | Reached ** piety under Trog
   807 | D:2      | Noticed an ogre
   815 | D:2      | Killed an ogre
   816 | D:2      | Reached skill level 4 in Long Blades
   816 | D:2      | Reached XP level 4. HP: 40/45 MP: 3/3
   896 | D:2      | Noticed Robin
   906 | D:2      | Reached XP level 5. HP: 50/53 MP: 4/4
   955 | D:2      | Killed Robin
   972 | D:2      | Found a sparkling altar of Nemelex Xobeh.
  1292 | D:2      | Noticed Sigmund
  1304 | D:2      | Killed Sigmund
  1305 | D:2      | Reached skill level 5 in Long Blades
  1305 | D:2      | Reached XP level 6. HP: 62/62 MP: 5/5
  1650 | D:3      | Reached *** piety under Trog
  1809 | D:3      | Reached XP level 7. HP: 68/70 MP: 6/6
  2389 | D:4      | Reached skill level 6 in Long Blades
  2462 | D:4      | Found a hazy altar of Hepliaklqana.
  2711 | D:4      | Found a glowing golden altar of the Shining One.
  2764 | D:4      | Found a bloodstained altar of Trog.
  3248 | D:5      | Entered Level 5 of the Dungeon
  3260 | D:5      | Found a large runed translucent door.
  3260 | D:5      | Found a large runed translucent door.
  3316 | D:5      | Found a large runed translucent door.
  3316 | D:5      | Found a large runed translucent door.
  3344 | D:5      | Reached skill level 5 in Fighting
  3534 | D:5      | Reached XP level 8. HP: 68/80 MP: 7/7
  3600 | D:5      | Found Eviff's Book Shoppe.
  3685 | D:5      | Reached **** piety under Trog
  3692 | D:5      | Reached skill level 7 in Long Blades
  3942 | D:5      | Found a hide-covered altar of Uskayaw.
  3942 | D:5      | Found an ornate altar of the Wu Jian Council.
  3942 | D:5      | Found a snail-covered altar of Cheibriados.
  4215 | D:6      | Reached skill level 8 in Long Blades
  4643 | D:6      | Found a white marble altar of Elyvilon.
  4810 | D:6      | Reached XP level 9. HP: 66/89 MP: 8/8
  4998 | D:6      | Reached ***** piety under Trog
  5511 | D:7      | Found a flagged portal.
  5530 | Bailey   | Entered a bailey
  5544 | Bailey   | Reached skill level 9 in Long Blades
  6261 | D:7      | Found a burning altar of Makhleb.
  6264 | D:7      | Found a shimmering altar of Xom.
  6297 | D:7      | Found a staircase to the Ecumenical Temple.
  6579 | D:8      | Reached skill level 10 in Long Blades
  6855 | D:8      | Found Otonoj's Book Shoppe.
  6913 | D:8      | Noticed Maurice
  6928 | D:8      | Killed Maurice
  6929 | D:8      | Reached XP level 10. HP: 74/102 MP: 9/9
  7034 | D:8      | Found a radiant altar of Vehumet.
  7461 | D:9      | Identified the +1 robe "Canaah" {rF+}
  7561 | D:9      | Noticed Erica
  7575 | D:9      | Reached skill level 12 in Long Blades
  7575 | D:9      | Reached XP level 11. HP: 115/115 MP: 10/10
  7606 | D:9      | Killed Erica
  7645 | D:9      | Noticed Harold
  7654 | D:9      | Killed Harold
  7727 | D:9      | Noticed Joseph
  7740 | D:9      | Killed Joseph
  8021 | D:9      | Noticed a wizard
  8032 | D:9      | Killed a wizard
  8125 | D:10     | Entered Level 10 of the Dungeon
  8126 | D:10     | Noticed temitten's ghost (novice SpEn)
  8128 | D:10     | Found a runed translucent gate.
  8128 | D:10     | Found a runed translucent gate.
  8128 | D:10     | Found a runed translucent gate.
  8182 | D:10     | Received a gift from Trog
  8193 | D:10     | Reached skill level 13 in Long Blades
  8239 | D:10     | Found a staircase to the Orcish Mines.
  8280 | D:10     | Found a staircase to the Lair.
  8995 | D:11     | Killed an unseen horror
  8996 | D:11     | Reached skill level 10 in Fighting
  8996 | D:11     | Reached XP level 12. HP: 115/126 MP: 8/11
  9191 | D:11     | Noticed Urug
  9204 | D:11     | Killed Urug
  9355 | D:11     | Received a gift from Trog
  9537 | D:11     | Noticed a two-headed ogre
  9541 | D:11     | Killed a two-headed ogre
  9599 | D:11     | Noticed Grum
  9612 | D:11     | Killed Grum
  9706 | D:11     | Noticed a five-headed hydra
  9712 | D:11     | Killed a one-headed hydra
  9713 | D:11     | Reached skill level 14 in Long Blades
 10229 | D:12     | Noticed Jorgrun
 10255 | D:12     | Killed Jorgrun
 10256 | D:12     | Reached skill level 1 in Armour
 10343 | D:12     | Noticed a four-headed hydra
 10351 | D:12     | Killed a one-headed hydra
 11017 | D:13     | Reached ****** piety under Trog
 11090 | D:13     | Reached XP level 13. HP: 106/136 MP: 9/12
 11190 | D:13     | Found Oghaur's Antique Weapon Shoppe.
 11620 | D:13     | Received a gift from Trog
 11727 | D:13     | Paralysed by a hornet for 2 turns
 11732 | D:13     | Noticed an ironbound preserver
 11739 | D:13     | Found a gate to the Vaults.
 11748 | D:13     | Killed an ironbound preserver
 12262 | D:14     | Reached skill level 15 in Long Blades
 12387 | D:14     | Noticed Nessos
 12392 | D:14     | Killed Nessos
 12400 | D:14     | Reached skill level 5 in Dodging
 12838 | D:15     | Entered Level 15 of the Dungeon
 12959 | Orc:1    | Entered Level 1 of the Orcish Mines
 13106 | Orc:1    | Noticed an orc warlord
 13122 | Orc:1    | Killed an orc warlord
 13447 | Orc:2    | Entered Level 2 of the Orcish Mines
 13780 | Orc:2    | Found Daatoe's Antique Weapon Shop.
 13797 | Orc:2    | Paralysed by an ogre mage for 2 turns
 13816 | Orc:2    | Reached XP level 14. HP: 103/146 MP: 5/13
 14016 | Orc:2    | Reached skill level 5 in Armour
 14461 | Orc:2    | Found a staircase to the Elven Halls.
 14652 | Orc:2    | Found Xatsol's General Store.
 14652 | Orc:2    | Found Jayk's Weapon Boutique.
 14654 | Orc:2    | Found Qacunoloi's Weapon Boutique.
 14654 | Orc:2    | Found Zeohayc's Weapon Emporium.
 14718 | Orc:2    | Bought a potion of heal wounds for 65 gold pieces
 14718 | Orc:2    | Bought a scroll of teleportation for 39 gold pieces
 14718 | Orc:2    | Bought a wand of digging (6) for 260 gold pieces
 14877 | Lair:1   | Entered Level 1 of the Lair of Beasts
 15304 | Lair:1   | Found a frozen archway.
 15349 | IceCv    | Entered an ice cave
 15678 | IceCv    | Received a gift from Trog
 15842 | IceCv    | Noticed a frost giant
 15864 | IceCv    | Killed a frost giant
 15865 | IceCv    | Reached skill level 16 in Long Blades
 15910 | IceCv    | Identified the ring of Yklomeo {Ice Dex+7 Slay-3}
 15915 | IceCv    | Identified the +4 hunting sling "Impslayer" {speed, rF- rC+
                  | Will+ Int+3}
 15964 | Lair:1   | Identified the +7 scythe of Hiphum {venom, rElec SInv}
 16835 | Lair:2   | Noticed Fannar
 16841 | Lair:2   | Killed Fannar
 17451 | Lair:3   | Found a hole to the Spider Nest.
 17454 | Lair:3   | Identified the +4 long sword "Roaduys" {flame, rN+ Int+3}
                  | (Trog gifted it to you on level 3 of the Lair of Beasts)
 17454 | Lair:3   | Received a gift from Trog
 17526 | Lair:3   | Reached XP level 15. HP: 110/157 MP: 7/14
 18174 | Lair:3   | Found a staircase to the Swamp.
 19234 | Lair:5   | Found a viscous altar of Jiyva.
 19234 | Lair:5   | Found a staircase to the Slime Pits.
 19956 | Lair:5   | Found a runed translucent door.
 19956 | Lair:5   | Identified the +9 spear of Dismemberment {vorpal, *Rage
                  | rElec rC+ Int+2}
 19958 | Lair:5   | Noticed Tetteh's ghost (journeyman DrBe)
 20107 | Lair:5   | Killed Tetteh's ghost
 20183 | Lair:6   | Entered Level 6 of the Lair of Beasts
 20649 | Lair:6   | Reached skill level 17 in Long Blades
 21072 | Lair:6   | Reached XP level 16. HP: 144/167 MP: 11/15
 21134 | Lair:6   | Received a gift from Trog
 22008 | Elf:1    | Entered Level 1 of the Elven Halls
 22283 | Elf:1    | Found Paank's Assorted Antiques.
 22403 | Elf:1    | Noticed a Hell Sentinel
 22543 | Elf:1    | Identified the +6 short sword of Sedism {freeze, rElec
                  | Int+4 Dex-5 SInv}
 22559 | Elf:1    | Found a runed translucent gate.
 22559 | Elf:1    | Found a runed translucent gate.
 22559 | Elf:1    | Found a runed translucent gate.
 22559 | Elf:1    | Found a runed translucent gate.
 22559 | Elf:1    | Found a runed translucent gate.
 22669 | Elf:1    | Noticed a shadow dragon
 22670 | Elf:1    | Found a runed translucent gate.
 22690 | Elf:1    | Killed a shadow dragon
 22781 | Elf:1    | Found Ucogiodgh's Book Shoppe.
 22844 | Elf:1    | Found Jatig's Antique Armour Boutique.
 22912 | Elf:1    | Found Zyfyf's Antique Armour Boutique.
 23594 | Elf:2    | Received a gift from Trog
 23785 | Elf:2    | Found a portal to a secret trove of treasure.
 24009 | Elf:2    | Found a runed translucent gate.
 24011 | Elf:2    | Found a runed translucent gate.
 24017 | Elf:2    | Found a runed translucent gate.
 24518 | Elf:2    | Noticed a deep elf blademaster
 24547 | Elf:2    | Killed a deep elf blademaster
 25186 | Elf:3    | Entered Level 3 of the Elven Halls
 25273 | Elf:2    | Reached skill level 18 in Long Blades
 25438 | Elf:3    | Noticed a deep elf master archer
 25490 | Elf:3    | Noticed a deep elf blademaster
 25511 | Elf:3    | Noticed an Executioner
 25511 | Elf:3    | Noticed a deep elf blademaster
 25512 | Elf:3    | Noticed a deep elf master archer
 25521 | Elf:3    | HP: 7/170 [Executioner[a deep elf demonologist] (17)]
 26075 | D:15     | Reached XP level 17. HP: 178/178 MP: 16/16
 26417 | D:15     | Identified the +1 plate armour of Poor Excuses {rElec
                  | Dex+2}
 26800 | D:15     | Noticed Azrael
 27297 | D:15     | Lost intelligence.
 27304 | D:15     | Killed Azrael
 27404 | D:15     | Found a staircase to the Depths.
 27798 | Depths:1 | Entered Level 1 of the Depths
 28115 | Swamp:1  | Entered Level 1 of the Swamp
 28126 | Swamp:1  | Reached skill level 10 in Dodging
 29459 | Swamp:2  | Found a runed translucent door.
 29459 | Swamp:2  | Noticed JoanKharjo's ghost (adept HuAM)
 29773 | Swamp:2  | Killed JoanKharjo's ghost
 30182 | Elf:3    | Killed a deep elf blademaster
 30183 | Elf:3    | Reached skill level 10 in Armour
 30448 | Elf:3    | Noticed a Hell Sentinel
 30787 | Elf:3    | Identified the +1 leather armour "Nuzxitic" {rPois Str-5
                  | Slay+2}
 30898 | Elf:2    | Reached XP level 18. HP: 189/189 MP: 11/17
 31061 | Elf:3    | Identified the +6 broad axe of Discretion {vorpal, rN+}
 31522 | Elf:3    | Reached skill level 19 in Long Blades
 31757 | Elf:3    | Identified the +7 chain mail of the Vaults {*Contam Rampage
                  | Str-2 Dex+9}
 33161 | Depths:1 | HP: 10/286 [stone giant skeleton[a necromancer] (17)]
 33591 | Depths:2 | Found a gateway to Hell.
 34342 | D:1      | Upgraded the game from 0.27-a0-752-gc3205288ea to
                  | 0.27-a0-795-ge5c3fa52fd
 34371 | D:$      | Got out of the dungeon alive.

Illustrated notes

Levels and vault maps discovered:
D:1:      scummos_arrival_forest, layout_basic, minmay_unequal
D:2:      layout_basic, nicolae_sif_muna_condensation,
          nemelex_xobeh_ov_fountains_minmay, uniq_robin, uniq_sigmund
D:3:      layout_basic
D:4:      layout_basic, general_overflow_altar,
          nicolae_hepliaklqana_hazy_memory, kennysheep_mini, serial_curves,
          eino_curves_03, eino_curves_01, guppyfry_early_orc_mine
D:5:      layout_basic, gammafunk_temple_overflow_claw, serial_shops, shop,
          st_stairs_11, minmay_hollow_rounded_squares
D:6:      layout_loops_ring, nicolae_overflow_crystal_walls,
          hangedman_decor_opposing, minmay_between
D:7:      layout_basic, grunt_temple_overflow_champion_of_chaos,
          minmay_temple_entry_slanted, enter_bailey_5, minmay_misc_feat_encased
D:8:      layout_loops_cross, lemuel_coloured_pillars_altar, serial_shops,
          shop_statue, uniq_maurice
D:9:      layout_long_grid, lightli_wizard_tower, uniq_harold, uniq_erica,
          uniq_joseph
D:10:     layout_irregular_city, erik_lair_orcish_takeover, hiddenorc2_lemuel,
          gammafunk_ghost_nasty_kobolds, hangedman_fish_farm
D:11:     layout_basic, uniq_grum, uniq_urug
D:12:     layout_basic, uniq_jorgrun
D:13:     layout_loops_cross, skrybe_vaults_entry_preservation, serial_shops,
          nicolae_shop_waterfront, serial_glass, glass_columns_b,
          glass_columns_a
D:14:     layout_basic, bh_walls_and_bars, uniq_nessos
D:15:     gammafunk_enter_depths_forms, layout_long_grid,
          minmay_misc_feat_hallway, uniq_azrael
Lair:1:   layout_cave_pods, portal_ice_cave_entry_pillars_2, lemuel_fruit_tree,
          serial_bayou_shore_b
Lair:2:   layout_gridlike, beast_lair_carwin_1, uniq_fannar
Lair:3:   nzn_winding_woodlands_large [nzn_winding_woodlands_hourglass,
          nzn_winding_woodlands_5x15_default, nzn_winding_woodlands_5x5_default,
          nzn_winding_woodlands_center_pierced_h,
          nzn_winding_woodlands_15x15_killbox,
          nzn_winding_woodlands_center_garden,
          nzn_winding_woodlands_5x5_default,
          nzn_winding_woodlands_5x15_river_crossing,
          nzn_winding_woodlands_5x5_cross], layout_hall_layers,
          minmay_swamp_entry_worms, spider_nest_entry_a, minivault_25,
          serial_bayou_shore_b
Lair:4:   layout_loops_ring, chequers_serial_rivers_small_3
Lair:5:   layout_cave_pods, dpeg_slime_entry_enclosed_altar,
          ebering_ghost_funeral_grove
Lair:6:   hangedman_lair_caniforms_friends, layout_regular_city, wormcave,
          st_stairs_10, eino_small_chamber_without_monster, serial_bayou_pond_e
Swamp:1:  layout_basic_swamp, hangedman_swamp_ruin_hall, swamp_pool4,
          infiniplex_staircase_pool_2
Swamp:2:  layout_falls_marsh, ebering_ghost_inner_flame,
          nicolae_swamp_very_dense_foliage, swamp_pool2
Swamp:3:  layout_falls_marsh, nicolae_swamp_fairy_circle, swamp_pool2
Orc:1:    layout_caves
Orc:2:    grunt_orc_tribal_feast, layout_diamond_mine, serial_shops,
          nicolae_shop_trees
Elf:1:    eino_elf_arrival_customs, layout_gridlike, serial_shops,
          nicolae_shop_window_shopping, shop, shop_statue, shop, orc_legates
Elf:2:    layout_geoelf_grid, enter_trove_0
Elf:3:    grunt_elf_hall_spiral, layout_loops_corners
Depths:1: layout_honeycomb, pan_entry, minivault_11, hell_entry, drop_trap,
          roderic_lattice_a, grunt_ministairs_1, st_stairs_5,
          minmay_guarded_unrand_wrath_of_trog
Depths:2: hangedman_pleasuredromes, hell_entry

Skill      XL: |  1  2  3  4  5  6  7  8  9 10 11 12 13 14 15 16 17 18 |
---------------+-------------------------------------------------------+-----
Long Blades    | 3 4 5 6 8 10 12 13 14 15 16 17 18 19 | 19.4
Fighting       | 3 4 5 6 7 9 10 11 12 13 14 | 14.5
Armour         | 2 4 6 7 9 10 | 10.9
Dodging        | 3 5 7 8 9 10 11 | 11.2

Action                   |  1- 3 |  4- 6 |  7- 9 | 10-12 | 13-15 | 16-18 || total
-------------------------+-------+-------+-------+-------+-------+-------++-------
Melee: Falchion          |   114 |   174 |   565 |   103 |     9 |       ||   965
       Scimitar          |       |       |       |   389 |  1247 |   999 ||  2635
       Triple sword      |       |       |       |       |       |   206 ||   206
Throw: Throwing net      |       |       |     2 |     2 |       |    32 ||    36
Invok: Berserk           |     2 |     4 |    13 |     9 |    23 |    31 ||    82
       Trog's Hand       |       |     3 |     4 |     3 |     8 |    29 ||    47
       Brothers in Arms  |       |       |     1 |     1 |    15 |    16 ||    33
Evoke: Wand              |       |       |    19 |     8 |    48 |    38 ||   113
       Lightning rod     |       |       |       |       |     8 |    21 ||    29
       Condenser vane    |       |       |       |       |       |     2 ||     2
  Use: Scroll            |       |       |    12 |     5 |     8 |    29 ||    54
       Potion            |       |       |       |     1 |     4 |     6 ||    11
 Stab: Sleeping          |     1 |       |       |       |       |     4 ||     5
       Paralysed         |       |       |     9 |       |     3 |     2 ||    14
       Held in net/web   |       |       |     1 |     1 |       |     9 ||    11
       Petrified         |       |       |       |       |     7 |       ||     7
       Distracted        |       |       |       |       |       |     2 ||     2
Armor: Animal skin       |    45 |    58 |   146 |    17 |       |       ||   266
       Robe              |       |       |       |     3 |       |       ||     3
       Troll leather arm |       |       |       |    95 |   253 |    51 ||   399
       Shadow dragon sca |       |       |       |       |       |   384 ||   384
Dodge: Dodged            |    84 |    88 |   365 |   288 |   781 |   649 ||  2255
       Rpst.: Falchion   |    28 |    24 |    86 |    20 |       |       ||   158
       Scimitar          |       |       |       |    56 |   203 |   116 ||   375
       Triple sword      |       |       |       |       |       |    26 ||    26

Table legend: (Time is in decaauts)
 A = Elapsed time spent in this place.
 B = Non-inter-level travel time spent in this place.
 C = Inter-level travel time spent in this place.
 D = Time resting spent in this place.
 E = Time spent auto-exploring this place.
 F = Levels seen in this place.
 G = Mean time per level.
                   A        B        C        D        E       F      G
               +--------+--------+--------+--------+--------+-----+--------+
         Total |  35083 |  32494 |   2589 |   6100 |  18842 |  33 | 1063.1 |
       Dungeon |  15627 |  14166 |   1461 |   1640 |   9439 |  15 | 1041.8 |
          Lair |   6616 |   6155 |    461 |    598 |   4431 |   6 | 1102.7 |
         Swamp |   2049 |   1974 |     75 |    232 |   1390 |   3 |  683.0 |
  Orcish Mines |   2092 |   1851 |    241 |    383 |    992 |   2 | 1046.0 |
   Elven Halls |   6786 |   6458 |    328 |   2656 |   2013 |   3 | 2262.0 |
        Depths |    771 |    749 |     22 |    388 |     78 |   2 |  385.5 |
        Bailey |    600 |    600 |      0 |    168 |    229 |   1 |  600.0 |
      Ice Cave |    539 |    539 |      0 |     33 |    269 |   1 |  539.0 |
               +--------+--------+--------+--------+--------+-----+--------+

Top non-repeatable levels by time:
   Elf:2: 3359 daAuts
    D:15: 2407 daAuts
   Elf:3: 2075 daAuts
   Orc:2: 1580 daAuts
  Lair:6: 1523 daAuts
    D:13: 1406 daAuts
   Elf:1: 1350 daAuts
     D:6: 1247 daAuts
  Lair:2: 1180 daAuts
    D:11: 1126 daAuts
  Lair:3: 1075 daAuts
  Lair:5: 1058 daAuts
     D:4: 1057 daAuts
 Swamp:1: 1049 daAuts
 Swamp:2: 994 daAuts
